[Event "*** Titled Tuesday Blitz"]
[Site "Chess.com"]
[Date "2020.11.24"]
[Round "2"]
[White "Julianos82"]
[Black "verdest"]
[Result "0-1"]
[WhiteElo "2323"]
[BlackElo "2619"]
[TimeControl "180+1"]
[EndTime "10:31:59 PST"]
[Termination "verdest won by resignation"]

1. d4 Nf6 2. Nf3 c5 3. d5 g6 4. c4 Bg7 5. Nc3 O-O 6. e4 d6 7. h3 e5 8. g4 a6 9. a4 Ne8 10. g5 Nd7 11. h4 f5 12. Bd3 Qe7 13. Be3 Rb8 14. Qc2 Nc7 15. exf5 e4 16. f6 exd3 17. fxe7 dxc2 18.
exf8=Q+ Nxf8 19. Kd2 Bf5 20. h5 b5 21. axb5 axb5 22.
cxb5 Nxb5 23. Nxb5 Rxb5 24. hxg6 hxg6 25. Ra2 Bxb2 26.
Nh4 Be4 27. Rg1 Bxd5 28. Rxb2 Rxb2 29. f4 Be4 0-1

[Event "*** Titled Tuesday Blitz"]
[Site "Chess.com"]
[Date "2020.11.24"]
[Round "2"]
[White "Chessalary"]
[Black "FMOlexandrProhorov"]
[Result "1-0"]
[WhiteElo "2430"]
[BlackElo "2169"]
[TimeControl "180+1"]
[EndTime "10:31:59 PST"]
[Termination "Chessalary won by resignation"]

1. e4 c5 2. Nf3 Nc6 3. d4 cxd4 4.
Nxd4 Nf6 5. Nc3 e5 6. Ndb5 d6 7. Bg5 a6 8. Na3 b5 9. Nd5 Be7 10. Bxf6 Bxf6 11. c3 Bg5 12. Nc2 O-O 13. a4 bxa4 14.
Rxa4 a5 15. Bc4 Rb8 16. b3 Kh8 17. O-O f5 18. exf5 Bxf5 19. Nce3 Bg6 20. b4 axb4 21.
Nxb4 Nxb4 22. Rxb4 Rxb4 23. cxb4 Bxe3 24. fxe3 h6 25. Rxf8+ Qxf8 26. Qd5 Qb8 27. b5 h5 28. b6 Kh7 29. b7 Qa7 30. Kf2 h4 31. Qg8+ Kh6 32. b8=Q Qe7 33. Qbf8 1-0

[Event "*** Titled Tuesday Blitz"]
[Site "Chess.com"]
[Date "2020.11.24"]
[Round "2"]
[White "WiktoriaPOL"]
[Black "Pogosian_Manvel"]
[Result "0-1"]
[WhiteElo "2067"]
[BlackElo "2384"]
[TimeControl "180+1"]
[EndTime "10:31:59 PST"]
[Termination "Pogosian_Manvel won by resignation"]

1. c4 e6 2. Nc3 d5 3. d4 Be7 4. cxd5 exd5 5. Qc2 c6 6. Nf3 g6 7. Bf4 Bf5 8. Qb3 Qb6 9. e3 Nd7 10. Be2 Ngf6 11. O-O Ne4 12. Nxe4 Bxe4 13. Nd2 Bf5 14. f3 O-O 15. Qxb6 axb6 16. e4 Be6 17. a3 b5 18.
Rac1 b4 19. axb4 Bxb4 20. Rc2 Ra2 21. exd5 Bxd5 22. Bc4 Bxd2 23. Bxa2 Bxf4 24. Bxd5 cxd5 25. g3 Bd6 26. Ra1 Nb6 27. Ra7 Rb8 28. b3 Nc8 29.
Ra5 Ne7 30. Kf2 Kf8 31. f4 Ke8 32. Kf3 Kd7 33. g4 Bc7 34. Rac5 Bb6 35. R5c3 Bxd4 36. Rc7+ Kd6 37. b4 Bb6 38. R7c3 Nc6 39. b5 Nd4+ 0-1

[Event "*** Titled Tuesday Blitz"]
[Site "Chess.com"]
[Date "2020.11.24"]
[Round "2"]
[White "exoticprincess"]
[Black "pastouche06"]
[Result "1-0"]
[WhiteElo "2903"]
[BlackElo "2543"]
[TimeControl "180+1"]
[EndTime "10:32:00 PST"]
[Termination "exoticprincess won by resignation"]

1. d4 d5 2. Nc3 c6 3. Bf4 Qb6 4. Qd2 Bf5 5. O-O-O e6 6. f3 Nf6 7. g4 Bg6 8. h4 h6 9. e3 Nbd7 10. h5 Bh7 11. Bd3 Bxd3 12. Qxd3 Qa5 13. Nge2 b5 14. a3 b4 15. axb4 Bxb4 16. Kb1 Nb6 17. Na2 Nc4 18. Nxb4 Qxb4 19. Qb3 a5 20. Qxb4 axb4 21.
b3 Na3+ 22. Kb2 Kd7 23. Ra1 Nb5 24. Be5 Rhc8 25. Rxa8 Rxa8 26. g5 hxg5 27. h6 Ke7 28. hxg7 Rg8 29. Rh6 1-0

[Event "*** Titled Tuesday Blitz"]
[Site "Chess.com"]
[Date "2020.11.24"]
[Round "2"]
[White "PriSachu"]
[Black "Onischuk_V"]
[Result "1-0"]
[WhiteElo "2545"]
[BlackElo "2860"]
[TimeControl "180+1"]
[EndTime "10:32:00 PST"]
[Termination "PriSachu won by resignation"]

1. e4 d6 2. d4 Nf6 3. Nc3 g6 4. Be3 c6 5. h3 Qa5 6. Qd2 Nbd7 7. g4 e5 8. Nge2 Bg7 9. Bg2 O-O 10. O-O Re8 11.
Rad1 exd4 12. Nxd4 Nc5 13. Nb3 Nxb3 14. axb3 Bf8 15.
Nd5 Qd8 16. Nxf6+ Qxf6 17. Bd4 Qe7 18. Bc3 c5 19. f4 Rb8 20. e5 Bd7 21. exd6 Qe3+ 22.
Qxe3 Rxe3 23. Rfe1 Rxe1+ 24. Rxe1 b6 25. Bf6 a5 26. Kf2 Be6 27. Rxe6 fxe6 28. d7 1-0

[Event "*** Titled Tuesday Blitz"]
[Site "Chess.com"]
[Date "2020.11.24"]
[Round "2"]
[White "JoachimMouhamad"]
[Black "Nikolakis2014"]
[Result "0-1"]
[WhiteElo "2473"]
[BlackElo "2708"]
[TimeControl "180+1"]
[EndTime "10:32:02 PST"]
[Termination "Nikolakis2014 won by resignation"]

1. e4 c6 2. d4 d5 3. Nc3 dxe4 4.
Nxe4 Nf6 5. Nxf6+ exf6 6. c3 Bd6 7. Bd3 O-O 8. Ne2 Re8 9. O-O h5 10. Bf4 h4 11. Bxd6 Qxd6 12. Qd2 Nd7 13. Qf4 Qxf4 14. Nxf4 Nf8 15. Rfe1 Ne6 16. Ne2 Bd7 17. a4 a5 18.
Kf1 Rad8 19. Red1 Bc8 20. Rd2 b6 21. Rad1 g6 22. Be4 Bb7 23. g3 h3 24. Bh1 Ng5 25. Nf4 Kg7 26. Re1 Ba6+ 27. Ne2 c5 28. d5 f5 29. b3 c4 30. b4 axb4 31. cxb4 c3 32. Rd4 Rxe2 33. b5 Rxe1+ 34. Kxe1 Bb7 35. Kd1 Ne4 36.
f4 Rxd5 37. Rxd5 Bxd5 0-1

[Event "*** Titled Tuesday Blitz"]
[Site "Chess.com"]
[Date "2020.11.24"]
[Round "2"]
[White "RTFrancisco"]
[Black "MarcoRiehle"]
[Result "0-1"]
[WhiteElo "2355"]
[BlackElo "2709"]
[TimeControl "180+1"]
[EndTime "10:32:06 PST"]
[Termination "MarcoRiehle won by resignation"]

1. c4 c5 2. g3 Nf6 3. Bg2 d5 4. cxd5 Nxd5 5. Nc3 Nc7 6. Nf3 Nc6 7. O-O e5 8. a3 Be6 9. Qa4 f6 10. b4 Qd7 11.
bxc5 Bxc5 12. Rb1 Bb6 13. Rd1 O-O 14. Bb2 Rfd8 15. Ne4 Rac8 16. d3 Qf7 17. Ba1 Nd5 18.
e3 h6 19. Ned2 Na5 20. d4 Nc3 21. Bxc3 Rxc3 22. dxe5 Rcd3 23. Ne4 Bb3 24. e6 Rxd1+ 0-1

[Event "*** Titled Tuesday Blitz"]
[Site "Chess.com"]
[Date "2020.11.24"]
[Round "2"]
[White "Nemsko"]
[Black "Rodalquilar"]
[Result "0-1"]
[WhiteElo "2357"]
[BlackElo "2659"]
[TimeControl "180+1"]
[EndTime "10:32:06 PST"]
[Termination "Rodalquilar won by resignation"]

1. e4 d5 2. exd5 Qxd5 3. Nc3 Qa5 4. Bc4 Nf6 5. d3 Bg4 6. f3 Be6 7. Bxe6 fxe6 8. Bd2 Nc6 9. Nge2 e5 10. O-O e6 11.
Kh1 O-O-O 12. a3 Nd4 13. Ne4 Qb6 14. Bc3 Nd5 15. Rb1 Ne3 16. Qd2 Nxf1 17. Rxf1 Be7 18. b4 h6 19. Bb2 g5 20. N2g3 Rhf8 21. Nh5 Qc6 22. c3 Nf5 23. Qe2 Rd7 24. Rd1 Rfd8 25. Nf2 Nh4 26. Ng3 Ng6 27. Qe3 Qb6 28. Qxb6 axb6 29. c4 Nf4 30. Bxe5 Nxd3 31. Nxd3 Rxd3 32. Rxd3 Rxd3 33. h3 Bd6 34. Bxd6 cxd6 35. Ne4 Kd7 36. Nf6+ Kc7 37. Ng8 h5 38. Nf6 Rxa3 39. Nxh5 Ra4 40.
Ng7 Kd7 41. Kh2 Rxb4 42. g3 Rxc4 43. h4 gxh4 44. gxh4 0-1

[Event "*** Titled Tuesday Blitz"]
[Site "Chess.com"]
[Date "2020.11.24"]
[Round "2"]
[White "Beltraxtor"]
[Black "SantoBlue"]
[Result "0-1"]
[WhiteElo "2541"]
[BlackElo "2899"]
[TimeControl "180+1"]
[EndTime "10:32:08 PST"]
[Termination "SantoBlue won by checkmate"]

1. e4 d6 2. d4 Nf6 3. Nc3 e5 4.
Nf3 Nbd7 5. Bc4 Be7 6. O-O O-O 7. a4 c6 8. Re1 h6 9. h3 Re8 10. Ba2 Bf8 11. Be3 exd4 12. Nxd4 Nc5 13. f3 d5 14.
exd5 cxd5 15. Bf2 Ne6 16. Qd2 a6 17. Rad1 Bb4 18. Nxe6 Bxe6 19. Qd4 Qa5 20. Re2 Rac8 21. Nxd5 Nxd5 22. Bxd5 Bc5 23. Qd3 Bxd5 24. b4 Rxe2 25.
Bxc5 Qxa4 26. Qxe2 Re8 27. Qf2 Qc6 28. c3 Bb3 29.
Re1 Rd8 30. Bd4 Qg6 31. Re4 Be6 32. Qe3 Bxh3 33. f4 Qxg2# 0-1

[Event "*** Titled Tuesday Blitz"]
[Site "Chess.com"]
[Date "2020.11.24"]
[Round "2"]
[White "Euwe1234"]
[Black "Margarita2907"]
[Result "1-0"]
[WhiteElo "2460"]
[BlackElo "2251"]
[TimeControl "180+1"]
[EndTime "10:32:09 PST"]
[Termination "Euwe1234 won by checkmate"]

1. e4 c5 2. Nf3 d6 3. d4 cxd4 4. Nxd4 Nf6 5. Nc3 a6 6. Bg5 Nbd7 7. f3 Qc7 8. Qd2 b5 9. a3 Bb7 10. O-O-O e6 11. Kb1 Be7 12. g4 O-O 13. h4 Ne5 14.
Bxf6 Bxf6 15. g5 Be7 16. h5 Nc4 17. Bxc4 Qxc4 18. Rhg1 d5 19. exd5 Bxd5 20. Nf5 exf5 21. Nxd5 Bc5 22. Rg2 a5 23. g6 h6 24. Nf6+ Kh8 25.
Qxh6+ gxh6 26. g7# 1-0

[Event "*** Titled Tuesday Blitz"]
[Site "Chess.com"]
[Date "2020.11.24"]
[Round "2"]
[White "ChronicUnhappiness"]
[Black "enriquebutti"]
[Result "1-0"]
[WhiteElo "2370"]
[BlackElo "1956"]
[TimeControl "180+1"]
[EndTime "10:32:10 PST"]
[Termination "ChronicUnhappiness won by resignation"]

1. c4 e5 2. Nc3 Nc6 3. Nf3 g6 4. d4 exd4 5. Nxd4 Bg7 6. Nxc6 bxc6 7. g3 Ne7 8. Bg2 O-O 9. O-O Rb8 10. Qc2 d5 11.
Rd1 Be6 12. Na4 Rb4 13. cxd5 cxd5 14. Nc5 Rc4 15. Qxc4 dxc4 16. Rxd8 Rxd8 17. Bg5 Re8 18. Nxe6 fxe6 19. Rc1 Nd5 20. Rxc4 Bxb2 21. e3 Nc3 22.
Rxc7 Nxa2 23. Rxa7 Nc3 24. Bc6 Rb8 25. Bd7 Nb5 26.
Bxe6+ Kh8 27. Rf7 Bg7 28. Bf6 Bxf6 29. Rxf6 Nc7 30. Bc4 Rb4 31. Rc6 Ne8 32. Rc8 Kg7 33.
Rxe8 Rxc4 34. Re6 1-0

[Event "*** Titled Tuesday Blitz"]
[Site "Chess.com"]
[Date "2020.11.24"]
[Round "2"]
[White "guillembaches"]
[Black "pirulillo"]
[Result "1-0"]
[WhiteElo "2401"]
[BlackElo "2097"]
[TimeControl "180+1"]
[EndTime "10:32:11 PST"]
[Termination "guillembaches won by checkmate"]

1. e4 c5 2. Nf3 e6 3. c4 d6 4. Nc3 Nf6 5. Be2 Ke7 6. O-O Ke8 7. d4 cxd4 8. Nxd4 Be7 9. Be3 a6 10. f4 Nbd7 11. b4 Qc7 12. a3 b6 13. Rc1 Bb7 14. Qd3 g6 15. g4 h5 16. h3 hxg4 17. hxg4 g5 18. f5 Ne5 19. Qc2 Nfxg4 20. Qd2 d5 21. cxd5 Nxe3 22. Ncb5 Nf3+ 23. Bxf3 Qg3+ 24. Bg2 Ng4 25. Nc7+ Kf8 26. Ncxe6+ fxe6 27. fxe6+ Ke8 28. Nf3 Bd6 29. Qxg5 Rh2 30. Qg8+ Bf8 31. Qf7+ Kd8 32. Qd7# 1-0

[Event "*** Titled Tuesday Blitz"]
[Site "Chess.com"]
[Date "2020.11.24"]
[Round "2"]
[White "TheCavemanChesss"]
[Black "Sueetin"]
[Result "0-1"]
[WhiteElo "2445"]
[BlackElo "2276"]
[TimeControl "180+1"]
[EndTime "10:32:12 PST"]
[Termination "Sueetin won by resignation"]

1. e4 c5 2. Nf3 e6 3. d4 cxd4 4. Nxd4 Nc6 5. Nc3 Qc7 6. Be3 a6 7.
Qf3 Nf6 8. O-O-O Ne5 9. Qg3 b5 10. a3 Bb7 11. Bxb5 Bxa3 12. Kb1 Bxb2 13. Kxb2 axb5 14.
Ndxb5 Nc4+ 15. Kb1 Qa5 16. Nc7+ Kf8 17. Nxa8 Qb4+ 0-1

[Event "*** Titled Tuesday Blitz"]
[Site "Chess.com"]
[Date "2020.11.24"]
[Round "2"]
[White "InitiatingASC"]
[Black "parintele_chess"]
[Result "1-0"]
[WhiteElo "2436"]
[BlackElo "2195"]
[TimeControl "180+1"]
[EndTime "10:32:12 PST"]
[Termination "InitiatingASC won by resignation"]

1. Nf3 d5 2. g3 c6 3. Bg2 Bf5 4.
O-O e6 5. d3 h6 6. a3 Bh7 7. b4 Nf6 8. Bb2 Nbd7 9. Nbd2 Be7 10.
Ne5 O-O 11. Ndf3 Nxe5 12. Nxe5 Nd7 13. Nxd7 Qxd7 14. e3 f6 15. Bh3 f5 16. Bg2 Bf6 17.
Bxf6 Rxf6 18. d4 Raf8 19. Qe2 Bg6 20. c4 Qf7 21. b5 Bh5 22. Qd3 a6 23. bxc6 bxc6 24.
cxd5 cxd5 25. Qxa6 e5 26. Qa5 e4 27. Rfc1 Rd6 28.
Rc7 Qe6 29. Qa7 Bf7 30. Bh3 Ra6 31. Qc5 g6 32. Bf1 Ra4 33. Bb5 Ra5 34. a4 Rfa8 35. Rc1 Rxa4 36. Rc8+ Kh7 37. Bxa4 Rxa4 38. Qf8 g5 39.
Qh8+ Kg6 40. R8c6 Qxc6 41. Rxc6+ Kh5 42. Qxh6+ 1-0

[Event "*** Titled Tuesday Blitz"]
[Site "Chess.com"]
[Date "2020.11.24"]
[Round "2"]
[White "BogdanDeac"]
[Black "louis198"]
[Result "1-0"]
[WhiteElo "2893"]
[BlackElo "2531"]
[TimeControl "180+1"]
[EndTime "10:32:15 PST"]
[Termination "BogdanDeac won by resignation"]

1. Nf3 d5 2. d4 e6 3. c4 Nc6 4. Nc3 Bb4 5. Qb3 a5 6. a3 a4 7. Qc2 Bxc3+ 8. Qxc3 Nf6 9. Bg5 h6 10. Bxf6 Qxf6 11. e3 O-O 12. Be2 dxc4 13. Bxc4 Ra5 14.
O-O Rh5 15. Be2 Rd8 16. Ne5 Rg5 17. f4 Rf5 18. g4 Rxe5 19. dxe5 Qh4 20. Rad1 Rf8 21. Qe1 Qe7 22. Qg3 Bd7 23. h4 Nb8 24. g5 hxg5 25. hxg5 g6 26. Qh4 Bc6 27. Rf2 Qc5 28.
Rh2 Qxe3+ 29. Kf1 1-0

[Event "*** Titled Tuesday Blitz"]
[Site "Chess.com"]
[Date "2020.11.24"]
[Round "2"]
[White "Guachiney"]
[Black "Neftegor"]
[Result "1-0"]
[WhiteElo "2785"]
[BlackElo "2503"]
[TimeControl "180+1"]
[EndTime "10:32:15 PST"]
[Termination "Guachiney won by resignation"]

1. e4 e5 2. Bc4 Nf6 3. d3 c6 4.
Nf3 d5 5. Bb3 Bb4+ 6. Bd2 Bd6 7.
exd5 cxd5 8. Bg5 Be6 9. Nc3 Qa5 10. O-O Nbd7 11. Qe1 Qc7 12. Nb5 Qb6 13. Nxd6+ Qxd6 14. Bh4 Nh5 15. Ng5 O-O 16. Qd1 Nf4 17. Bg3 Ng6 18. Qh5 Nf6 19. Qe2 Bg4 20. f3 Bf5 21. Rae1 Rae8 22.
d4 Qb6 23. Qf2 exd4 24. Ba4 Rxe1 25. Rxe1 h6 26. Nh3 Bxh3 27. gxh3 Qxb2 28. Bd6 Rd8 29. Bc5 Qxa2 30. Bb3 Qa5 31. Bxd4 Qa6 32. Qg3 Nh5 33.
Qc7 Rf8 34. Bxd5 Nhf4 35. Bxf7+ Rxf7 36. Re8+ Kh7 37. Qxf7 Ne2+ 38. Rxe2 1-0

[Event "*** Titled Tuesday Blitz"]
[Site "Chess.com"]
[Date "2020.11.24"]
[Round "2"]
[White "oykuince"]
[Black "monalize"]
[Result "0-1"]
[WhiteElo "1983"]
[BlackElo "2374"]
[TimeControl "180+1"]
[EndTime "10:32:15 PST"]
[Termination "monalize won by resignation"]

1. e4 c5 2. Nf3 d6 3. c3 Nf6 4. h3 g6 5. Bd3 Bg7 6. Bc2 e5 7. O-O O-O 8. d4 cxd4 9. cxd4 Nc6 10.
Nc3 exd4 11. Nxd4 Ne5 12. Nd5 Nxd5 13. exd5 Bd7 14. f4 Qb6 15. fxe5 dxe5 16. Kh1 exd4 17. h4 h5 18. g4 Bxg4 19. Qd3 Rad8 20. Bb3 Rfe8 21. Bg5 Rd7 22. Ba4 Qd6 23. Bxd7 Qxd5+ 24. Kg1 Qxd7 25. Rae1 Be6 26. Rf2 b5 27. Rfe2 Rc8 28.
Bf4 Bc4 0-1

[Event "*** Titled Tuesday Blitz"]
[Site "Chess.com"]
[Date "2020.11.24"]
[Round "2"]
[White "GigaQuparadze"]
[Black "Squirlolz"]
[Result "1-0"]
[WhiteElo "2845"]
[BlackElo "2521"]
[TimeControl "180+1"]
[EndTime "10:32:19 PST"]
[Termination "GigaQuparadze won by resignation"]

1. e4 e6 2. d4 d5 3. Nd2 c5 4.
Ngf3 Nc6 5. exd5 exd5 6. Bb5 Bd6 7. dxc5 Bxc5 8. Nb3 Bd6 9. Nbd4 Ne7 10. O-O O-O 11.
c3 Bg4 12. Be2 Re8 13. h3 Bh5 14. Be3 a6 15. Nxc6 Nxc6 16. Nd4 Nxd4 17. Bxh5 Nf5 18.
Bd2 d4 19. Qf3 g6 20. Bg4 Re5 21. Bf4 Rb5 22. Rad1 Bxf4 23. Qxf4 Qb8 24. Qxb8+ Rxb8 25. Bxf5 gxf5 26. Rxd4 Rxb2 27. a4 Rc8 28. Rf4 Rxc3 29. Rxf5 Ra2 30. Rd1 Rxa4 31. Rd7 b5 32. Rfxf7 b4 33.
Rg7+ Kf8 34. Rxh7 Kg8 35. Rdg7+ Kf8 36. Ra7 Kg8 37. Rhb7 Rc8 38. h4 a5 39. h5 Ra1+ 40.
Kh2 Ra2 1-0

[Event "*** Titled Tuesday Blitz"]
[Site "Chess.com"]
[Date "2020.11.24"]
[Round "2"]
[White "Rud_Makarian"]
[Black "Angel_Hranitel_37"]
[Result "1-0"]
[WhiteElo "2756"]
[BlackElo "2493"]
[TimeControl "180+1"]
[EndTime "10:32:23 PST"]
[Termination "Rud_Makarian won by resignation"]

1. d4 Nf6 2. c4 e6 3. Nf3 Bb4+ 4. Bd2 a5 5. g3 d6 6. Bg2 Nbd7 7. O-O e5 8. Nc3 O-O 9. b3 c6 10. a3 Bxc3 11.
Bxc3 e4 12. Nd2 d5 13. b4 e3 14. fxe3 Ng4 15. Rf3 Re8 16. Nf1 axb4 17. axb4 Rxa1 18. Qxa1 dxc4 19. h3 Ngf6 20. Nd2 Nb6 21. g4 Nbd5 22.
Nxc4 Nxc3 23. Qxc3 Nd5 24. Qd2 Qe7 25. e4 Nxb4 26.
e5 Be6 27. Nd6 c5 28. Nxe8 Qxe8 29. dxc5 Nc6 30. Rd3 Qe7 31. Bxc6 Qxc5+ 32. e3 h5 33. Rd8+ Kh7 34. Be4+ g6 35. gxh5 Qxe5 36. hxg6+ Kg7 37. Qd4 1-0

[Event "*** Titled Tuesday Blitz"]
[Site "Chess.com"]
[Date "2020.11.24"]
[Round "2"]
[White "MatyChess1"]
[Black "Zarinur"]
[Result "1-0"]
[WhiteElo "2608"]
[BlackElo "2218"]
[TimeControl "180+1"]
[EndTime "10:32:25 PST"]
[Termination "MatyChess1 won by resignation"]

1. e4 e5 2. Nf3 Nc6 3. Bc4 Bc5 4. d3 h6 5. c3 Nf6 6. Nbd2 d6 7. h3 O-O 8. Bb3 Re8 9. Nf1 Be6 10. Bc2 d5 11. Qe2 Bf8 12. g4 dxe4 13. dxe4 Nd7 14. g5 h5 15. g6 fxg6 16. Ng5 Nc5 17. b4 Nd7 18. Nxe6 Rxe6 19. Bb3 Qe7 20. Rg1 Kh7 21. Bxe6 Qxe6 22. Nd2 Nb6 23. Nf3 Be7 24. Bg5 Rf8 25. Bxe7 Qxe7 26. a4 Rf4 27. a5 Nd7 28. Ng5+ Kh8 29.
Qc4 Nf6 30. a6 Nd8 31. axb7 Nxb7 32. Rxa7 Nd6 33. Qxc7 Qf8 34. Qxd6 Qxd6 35. Nf7+ Kg8 36. Nxd6 Nxe4 37. Nxe4 Rxe4+ 38. Kd2 Rf4 39. Ke3 Rc4 40.
Rxg6 1-0

[Event "*** Titled Tuesday Blitz"]
[Site "Chess.com"]
[Date "2020.11.24"]
[Round "2"]
[White "PaulfromSPb"]
[Black "AbdAlAgathos"]
[Result "1-0"]
[WhiteElo "2669"]
[BlackElo "2367"]
[TimeControl "180+1"]
[EndTime "10:32:26 PST"]
[Termination "PaulfromSPb won on time"]

1. e4 e6 2. d4 d5 3. Nd2 Be7 4. Bd3 c5 5. exd5 exd5 6. dxc5 Nf6 7. Nb3 O-O 8. Nf3 Nbd7 9. Be3 Qc7 10. O-O Nxc5 11.
Nxc5 Bxc5 12. Bxc5 Qxc5 13. h3 Ne4 14. c3 Bf5 15.
Nd4 Bg6 16. Re1 Rfe8 17. Qb3 Nd2 18. Qc2 Nc4 19. Bxg6 hxg6 20. b3 Nd6 21. Re3 Rxe3 22.
fxe3 Ne4 23. Rc1 Rc8 24. c4 Qe7 25. Qe2 Nd6 26. c5 b6 27. c6 Ne4 28. Rf1 Nc5 29. Qf3 Ne4 30. Rd1 f6 31. Qg4 Qe8 32. b4 f5 33. Qf3 Qd8 34. b5 Qd6 35. Ne2 Qxc6 36. bxc6 1-0

[Event "*** Titled Tuesday Blitz"]
[Site "Chess.com"]
[Date "2020.11.24"]
[Round "2"]
[White "ftorodent"]
[Black "Agoking701"]
[Result "1-0"]
[WhiteElo "2644"]
[BlackElo "2339"]
[TimeControl "180+1"]
[EndTime "10:32:26 PST"]
[Termination "ftorodent won by resignation"]

1. d4 Nf6 2. Bg5 d5 3. Bxf6 exf6 4. e3 Be7 5. Bd3 O-O 6. Qf3 c6 7. Nd2 Be6 8. Ne2 Nd7 9. g4 Re8 10. Nf4 Nf8 11. c3 c5 12. dxc5 Bxc5 13. Nb3 Bd6 14. Nxd5 Bxd5 15. Qxd5 Rxe3+ 16. Kd2 Re5 17. Qf3 Ne6 18. Kc2 Ng5 19. Qg2 Ne6 20. Qf3 Ng5 21. Qxb7 Qe8 22. Rad1 Rd8 23. Nd4 Rb8 24. Qc6 Ra5 25.
Qxe8+ Rxe8 26. a3 Rae5 27. f4 Re3 28. fxg5 fxg5 29. Nf5 1-0

[Event "*** Titled Tuesday Blitz"]
[Site "Chess.com"]
[Date "2020.11.24"]
[Round "2"]
[White "Qvalda"]
[Black "MikeSailer"]
[Result "1-0"]
[WhiteElo "2425"]
[BlackElo "2155"]
[TimeControl "180+1"]
[EndTime "10:32:29 PST"]
[Termination "Qvalda won by resignation"]

1. e4 d5 2. exd5 Qxd5 3. Nc3 Qd6 4. d4 Nf6 5. Nf3 c6 6. Ne5 Nbd7 7. f4 g6 8. Bc4 e6 9. O-O Bg7 10. Be3 O-O 11.
Qf3 Nb6 12. Bb3 Nbd5 13. Bd2 Nxc3 14. bxc3 Nd7 15. Rae1 Nxe5 16. fxe5 Qe7 17. Qg3 c5 18. Bg5 Qc7 19. Bf6 cxd4 20. cxd4 Bd7 21. h4 Bb5 22.
Rf4 Bc4 23. h5 Bxb3 24. cxb3 Rac8 25. Qh4 Qc2 26. Bxg7 Kxg7 27. h6+ Kg8 28. Qf6 1-0

[Event "*** Titled Tuesday Blitz"]
[Site "Chess.com"]
[Date "2020.11.24"]
[Round "2"]
[White "mikheeva86"]
[Black "Zarikovs1999"]
[Result "0-1"]
[WhiteElo "1970"]
[BlackElo "2373"]
[TimeControl "180+1"]
[EndTime "10:32:29 PST"]
[Termination "Zarikovs1999 won on time"]

1. e4 c5 2. Nc3 b6 3. g3 Bb7 4. Bg2 g6 5. d3 Bg7 6. Be3 h5 7. Nge2 h4 8. f4 Nc6 9. Qd2 Nh6 10. h3 hxg3 11. Nxg3 Nd4 12. O-O-O e6 13. Nce2 Qh4 14. Bf2 Qf6 15. e5 Nxe2+ 16. Qxe2 Qxf4+ 17. Be3 Qxg3 18. Bxb7 Rb8 19. Be4 Qxe5 20. Rdf1 Qxb2+ 21. Kd1 Qa1+ 22. Bc1 Bb2 23. Kd2 Bxc1+ 24. Rxc1 Qe5 25. Rcf1 d5 26. Bg2 Qxe2+ 27. Kxe2 Nf5 28. Rf3 Nd4+ 29. Kd2 Nxf3+ 30. Bxf3 Rh4 31. Bg4 Ke7 32. Re1 Rbh8 33. Re3 f5 34. Be2 Rxh3 35. Rxh3 Rxh3 36. Bf1 Rh2+ 37. Kc3 g5 0-1

[Event "*** Titled Tuesday Blitz"]
[Site "Chess.com"]
[Date "2020.11.24"]
[Round "2"]
[White "bylavochka"]
[Black "GianmarcoVaR"]
[Result "0-1"]
[WhiteElo "2145"]
[BlackElo "2604"]
[TimeControl "180+1"]
[EndTime "10:32:30 PST"]
[Termination "GianmarcoVaR won by resignation"]

1. e4 c6 2. d4 d5 3. e5 Bf5 4. h4 h5 5. c4 e6 6. Nc3 Nd7 7. Nge2 Ne7 8. Ng3 Bg6 9. Be2 Nf5 10. Nxf5 Bxf5 11. Bg5 Be7 12. Qd2 f6 13. exf6 gxf6 14.
Be3 Bd6 15. a3 Qe7 16. c5 Bc7 17. b4 e5 18. O-O-O b6 19. b5 bxc5 20. bxc6 cxd4 21.
cxd7+ Kxd7 22. Bxd4 Qxa3+ 23. Qb2 Qxb2+ 24. Kxb2 exd4 25. Rxd4 Be4 26. Nxe4 Be5 27. Nc5+ Kc6 28. Nb3 Rab8 29. Rc1+ Kd6 30. Ka3 Rxb3+ 31. Kxb3 Bxd4 32. Ra1 Bxa1 0-1

[Event "*** Titled Tuesday Blitz"]
[Site "Chess.com"]
[Date "2020.11.24"]
[Round "2"]
[White "Azerichess"]
[Black "NeverW84M8"]
[Result "1-0"]
[WhiteElo "2962"]
[BlackElo "2569"]
[TimeControl "180+1"]
[EndTime "10:32:31 PST"]
[Termination "Azerichess won by resignation"]

1. d4 Nf6 2. c4 c5 3. d5 e6 4. Nc3 exd5 5. cxd5 d6 6. e4 g6 7. Nge2 Bg7 8. Ng3 O-O 9. Bd3 a6 10. a4 Nbd7 11. O-O Qc7 12. h3 Rb8 13. a5 c4 14. Bc2 b5 15. axb6 Rxb6 16. Ra2 Nc5 17. Be3 Rb4 18. Qd2 Nfd7 19. Bh6 Qb6 20. Nd1 Bxh6 21.
Qxh6 Ne5 22. Ra3 Ncd3 23. Bxd3 Nxd3 24. Rc3 Qd4 25. Ne3 Nxb2 26. Nef5 Bxf5 27. Nxf5 Re8 28.
Nxd4 1-0

[Event "*** Titled Tuesday Blitz"]
[Site "Chess.com"]
[Date "2020.11.24"]
[Round "2"]
[White "KaterinaMiroshnik"]
[Black "Mambastik-Fantastic"]
[Result "1-0"]
[WhiteElo "2523"]
[BlackElo "2298"]
[TimeControl "180+1"]
[EndTime "10:32:31 PST"]
[Termination "KaterinaMiroshnik won by resignation"]

1. d3 Nf6 2. Nf3 d5 3. Nbd2 Bg4 4. e4 e6 5. Be2 c6 6. O-O Be7 7. c3 Nbd7 8. Qc2 O-O 9. e5 Ne8 10. d4 c5 11. Re1 Rc8 12. Qb1 Qb6 13. h3 Bh5 14. Bd3 Bg6 15. Bxg6 hxg6 16. Qd3 Nc7 17. Nf1 a5 18. Bg5 Bxg5 19. Nxg5 f6 20. exf6 Rxf6 21. Nh2 Rcf8 22. Nhf3 cxd4 23. cxd4 Nb5 24. Nxe6 Rxf3 25. gxf3 Rf6 26. Rac1 Rxe6 27. Rxe6 Qxe6 28. Qxb5 Qxh3 29. Qxd5+ Kh7 30. Rc8 Nf6 31. Qd8 Kh6 32. Qh8+ Nh7 33. Rc7 Qxf3 34. Qxg7+ Kg5 35. Rc5+ Kf4 36. Qf7+ Ke4 37.
Qxg6+ Kxd4 38. Qd6+ Ke4 39. Qd5+ Kf4 40. Rc4+ 1-0

[Event "*** Titled Tuesday Blitz"]
[Site "Chess.com"]
[Date "2020.11.24"]
[Round "2"]
[White "salomez"]
[Black "GMaka"]
[Result "0-1"]
[WhiteElo "2157"]
[BlackElo "2426"]
[TimeControl "180+1"]
[EndTime "10:32:31 PST"]
[Termination "GMaka won on time"]

1. e4 c6 2. d4 d5 3. e5 Bf5 4. Nf3 e6 5. Be2 Ne7 6. O-O Ng6 7. h3 h5 8. c4 a6 9. Nc3 b5 10. cxb5 cxb5 11. a4 b4 12. Na2 Nc6 13. Bd2 Qb6 14.
a5 Qb7 15. Qa4 b3 16. Nb4 Bxb4 17. Bxb4 Nf4 18. Rfe1 Nxe2+ 19. Rxe2 Bd3 20. Re3 Bc4 21. Bd6 Qb5 22. Nd2 Nxd4 23. Nxc4 dxc4 24. Re4 Nc2 25. Qxb5+ axb5 26. Rd1 Rxa5 0-1

[Event "*** Titled Tuesday Blitz"]
[Site "Chess.com"]
[Date "2020.11.24"]
[Round "2"]
[White "OMGCovid-19"]
[Black "markberk"]
[Result "1-0"]
[WhiteElo "1840"]
[BlackElo "2346"]
[TimeControl "180+1"]
[EndTime "10:32:32 PST"]
[Termination "OMGCovid-19 won by checkmate"]

1. e4 e5 2. Nf3 Nc6 3. Bc4 Nf6 4. d3 h6 5. c3 d6 6. Nbd2 Be7 7. Bb3 O-O 8. Nf1 Be6 9. Ne3 Qd7 10. O-O Rad8 11. Nd5 Bxd5 12. exd5 Na5 13. c4 Nxb3 14. axb3 a6 15. Kh1 c6 16. dxc6 Qxc6 17. Nh4 d5 18.
Nf5 Qe6 19. g4 dxc4 20. bxc4 Bc5 21. f3 Rfe8 22. Qe2 Qd7 23. Rd1 e4 24. fxe4 Rxe4 25. Qf3 Rxg4 26. Bxh6 gxh6 27. Nxh6+ Kf8 28. Qxf6 Rg6 29.
Qh8+ Ke7 30. Re1+ Re6 31. Nf5# 1-0